[Event "Early Titled Tuesday Blitz | February 8 2022"]
[White "Miszler, Levente"]
[Black "Turzo, Attila"]
[WhiteFideId "763276"]
[BlackFideId "704954"]
[WhiteElo "1966"]
[BlackElo "2506"]
[Result "1/2-1/2"]
[Round "02"]
[TimeControl "180+1"]
[Date "2022.02.08"]
[WhiteClock "0:00:20"]
[BlackClock "0:00:12"]

1. Nf3 d5 2. d4 c6 3. g3 Bf5 4. Bg2 e6 5. Nh4 Bg6 6. Nxg6 hxg6 7. Nd2 Nf6 8. c3 Be7 9. Qc2 c5 10. O-O Nc6 11. dxc5 Bxc5 12. e4 O-O 13. exd5 Nxd5 14. Ne4 Be7 15. a3 b5 16. Rd1 Rc8 17. a4 a6 18. axb5 axb5 19. Qb3 Qb6 20. c4 bxc4 21. Qxb6 Nxb6 22. Ra6 Nd5 23. Nc3 Nxc3 24. bxc3 Ne5 25. Bf1 Rfd8 26. Rxd8+ Bxd8 27. Bf4 Nd3 28. Bxd3 cxd3 29. Rd6 Bf6 30. Rxd3 Bxc3 31. Kg2 Kf8 32. Rd7 Ke8 33. Rb7 Bd4 34. Bd6 Bf6 35. h4 Bd8 36. Rb8 Rxb8 37. Bxb8 Kd7 38. Be5 f6 39. Bb8 e5 40. Ba7 Kc6 41. Be3 Kd5 42. Kf3 Kc4 43. Ke2 Be7 44. Bb6 Bc5 45. Ba5 Kd5 46. Bd2 Ke4 47. Ba5 f5 48. Bd8 Bd6 49. f3+ Kd4 50. g4 Kd5 51. Bg5 Ke6 52. h5 gxh5 53. gxh5 Be7 54. h6 gxh6 55. Bxh6 f4 56. Kd3 Kf6 57. Ke4 Bd6 58. Kd5 Kg6 59. Kxd6 Kxh6 60. Kxe5 Kg5 61. Ke4 Kg6 62. Kxf4 Kf6 63. Ke4 Ke6 64. f4 Kf6 65. f5 Kf7 66. Kf4 Kf6 67. Kg4 Kf7 68. Kg5 Kg7 69. f6+ Kf7 70. Kf5 Kf8 71. Ke5 Kf7 72. Kf5 Kf8 73. Ke6 Ke8 74. f7+ Kf8 75. Kf6 1/2-1/2


[Site "https://www.chess.com"]

[Event "Early Titled Tuesday Blitz | February 8 2022"]
[White "Mladenovic, Stefan"]
[Black "Sarkar, Justin"]
[WhiteFideId "942227"]
[BlackFideId "2010011"]
[WhiteElo "2355"]
[BlackElo "2038"]
[Result "0-1"]
[Round "02"]
[TimeControl "180+1"]
[Date "2022.02.08"]
[WhiteClock "0:00:52"]
[BlackClock "0:00:02"]

1. d4 Nf6 2. Nf3 d5 3. c4 e6 4. Nc3 Be7 5. Bg5 Nbd7 6. cxd5 Nxd5 7. Bxe7 Qxe7 8. e4 Nxc3 9. bxc3 O-O 10. Bd3 c5 11. O-O b6 12. Qe2 e5 13. d5 Nf6 14. Rfe1 Bg4 15. h3 Bxf3 16. Qxf3 Ne8 17. a4 Nd6 18. Bb5 f5 19. exf5 Rxf5 20. Qg3 Raf8 21. Re2 Rf4 22. Bc6 Qf6 23. a5 Ne4 24. Qe3 Nxf2 25. Qxe5 Nxh3+ 26. gxh3 Rf1+ 27. Kh2 Rf2+ 28. Kg1 Qg6+ 29. Qg3 Qxg3+ 30. Kh1 Qh2# 0-1


[Site "https://www.chess.com"]

[Event "Early Titled Tuesday Blitz | February 8 2022"]
[White "Mohammad Fahad, Rahman"]
[Black "Martinez Alcantara, Jose Eduardo"]
[WhiteFideId "10207791"]
[BlackFideId "3805662"]
[WhiteElo "2323"]
[BlackElo "2690"]
[Result "0-1"]
[Round "02"]
[TimeControl "180+1"]
[Date "2022.02.08"]
[WhiteClock "0:00:03"]
[BlackClock "0:00:57"]

1. d4 Nf6 2. c4 e6 3. Nf3 Bb4+ 4. Bd2 Qe7 5. e3 b6 6. Bd3 Bb7 7. O-O O-O 8. Nc3 Bxc3 9. Bxc3 Ne4 10. Be1 d6 11. Nd2 Nf6 12. Qc2 a5 13. Ne4 Nxe4 14. Bxe4 Bxe4 15. Qxe4 Nd7 16. Bc3 Nf6 17. Qc6 Rfd8 18. Rad1 h6 19. Rfe1 Qd7 20. Qf3 d5 21. cxd5 exd5 22. Rc1 Re8 23. Rc2 Re6 24. Rec1 c6 25. Be1 Ne4 26. Qe2 Qb7 27. b3 Rae8 28. f3 Nd6 29. Bf2 Nf5 30. Qd2 Nxe3 31. Bxe3 Rxe3 32. Rxc6 Qe7 33. Qf2 Re2 34. Qg3 Qe3+ 35. Kf1 Rxa2 36. Rc8 Rxc8 37. Rxc8+ Kh7 38. Qe1 Qd3+ 39. Kg1 Qxd4+ 40. Kh1 Ra1 41. Rc1 Rxc1 42. Qxc1 Qd3 43. h4 d4 44. Qf4 Qxb3 45. h5 Qd5 46. g4 d3 47. Qd2 Qxf3+ 48. Kh2 Qe2+ 49. Qxe2 dxe2 0-1


[Site "https://www.chess.com"]

[Event "Early Titled Tuesday Blitz | February 8 2022"]
[White "Mohammed, Dilshad"]
[Black "Hasangatin, Ramil"]
[WhiteFideId "5050421"]
[BlackFideId "4122160"]
[WhiteElo "2153"]
[BlackElo "2375"]
[Result "0-1"]
[Round "02"]
[TimeControl "180+1"]
[Date "2022.02.08"]
[WhiteClock "0:00:07"]
[BlackClock "0:01:08"]

1. Nf3 d6 2. d4 Nf6 3. c4 g6 4. Nc3 Bg7 5. e4 c5 6. Be2 cxd4 7. Nxd4 Nc6 8. O-O O-O 9. Be3 Bd7 10. Rc1 Nxd4 11. Bxd4 Bc6 12. f3 a5 13. Kh1 Nd7 14. Bg1 a4 15. a3 Nc5 16. Qc2 Qa5 17. Rcd1 Rfc8 18. Bd4 Bxd4 19. Rxd4 Ne6 20. Rdd1 b5 21. cxb5 Bxb5 22. Qd2 Bxe2 23. Qxe2 Qa6 24. Qe3 Qb7 25. Nd5 Re8 26. Rf2 Nc7 27. Nc3 Na6 28. f4 Nc5 29. f5 Nd7 30. fxg6 hxg6 31. Rdf1 Nf6 32. h3 Kg7 33. Qd4 Ra5 34. Rxf6 exf6 35. Qxf6+ Kg8 36. Nd5 Rxd5 37. exd5 Qxd5 38. Qf4 Re2 39. Rf2 Rxf2 40. Qxf2 Qe5 41. Qc2 d5 42. Qxa4 d4 43. Qa8+ Kg7 44. Qf3 Qe1+ 45. Kh2 Qd2 46. b4 d3 47. Qe4 Qe2 48. Qd4+ f6 49. Qd7+ Kh6 50. Qd8 d2 51. Qh8+ Kg5 52. h4+ Kf5 53. Qc8+ Ke4 54. Qe6+ Kd3 55. Qa6+ Ke3 56. Qe6+ Kf2 57. Qb6+ Qe3 58. Qxf6+ Ke1 59. Qf3 Qxf3 60. gxf3 d1=Q 0-1


[Site "https://www.chess.com"]

[Event "Early Titled Tuesday Blitz | February 8 2022"]
[White "Moiseenko, Alexander"]
[Black "Al Mukhaini, Shima"]
[WhiteFideId "14102560"]
[BlackFideId "22005854"]
[WhiteElo "2577"]
[BlackElo "2387"]
[Result "1-0"]
[Round "02"]
[TimeControl "180+1"]
[Date "2022.02.08"]
[WhiteClock "0:01:04"]
[BlackClock "0:01:38"]

1. d4 Nf6 2. c4 Nc6 3. Nf3 e6 4. g3 Bb4+ 5. Bd2 Bxd2+ 6. Qxd2 d6 7. Nc3 O-O 8. Bg2 Re8 9. O-O e5 10. d5 Nb8 11. e4 a5 12. Ne1 Na6 13. Nd3 b6 14. f4 exf4 15. gxf4 Nc5 16. Rae1 Nxd3 17. Qxd3 Nd7 18. Kh1 f6 19. Nb5 Nc5 20. Qc2 Bd7 21. Nd4 Qe7 22. f5 Rac8 23. Ne6 Kh8 24. Bf3 Rg8 25. Rg1 Be8 26. Rg3 Nd7 27. Reg1 g5 28. h4 h6 29. Rh3 Kh7 30. hxg5 fxg5 31. Rxh6+ 1-0


[Site "https://www.chess.com"]

[Event "Early Titled Tuesday Blitz | February 8 2022"]
[White "Murzin, Volodar"]
[Black "Carlsson, Ludvig"]
[WhiteFideId "44155573"]
[BlackFideId "1727010"]
[WhiteElo "2585"]
[BlackElo "2178"]
[Result "1-0"]
[Round "02"]
[TimeControl "180+1"]
[Date "2022.02.08"]
[WhiteClock "0:01:15"]
[BlackClock "0:00:51"]

1. e4 e6 2. d3 d5 3. Nd2 c5 4. Ngf3 Nc6 5. g3 Nf6 6. Bg2 Be7 7. O-O b6 8. Re1 Bb7 9. c3 dxe4 10. dxe4 Qd3 11. Bf1 Qd7 12. Qc2 h5 13. e5 Ng4 14. h3 Ncxe5 15. Nxe5 Qd5 16. Nef3 O-O-O 17. Qa4 Kb8 18. hxg4 hxg4 19. Qxg4 f5 20. Qc4 Qxc4 21. Nxc4 Bxf3 22. Bg2 Bd5 23. Bxd5 Rxd5 24. Bf4+ Kb7 25. Rxe6 Bf6 26. Rae1 Rhd8 27. a4 Rd1 28. Kf1 Rxe1+ 29. Rxe1 Rd7 30. Nd6+ Kc7 31. Nxf5+ Kc6 32. Ne3 a6 33. Ke2 b5 34. axb5+ axb5 35. Rd1 1-0


[Site "https://www.chess.com"]

[Event "Early Titled Tuesday Blitz | February 8 2022"]
[White "Nadeev, Sergey"]
[Black "Johnson, Ben"]
[WhiteFideId "4180038"]
[BlackFideId "2010917"]
[WhiteElo "2369"]
[BlackElo "2156"]
[Result "1-0"]
[Round "02"]
[TimeControl "180+1"]
[Date "2022.02.08"]
[WhiteClock "0:01:18"]
[BlackClock "0:00:08"]

1. e4 c5 2. Nf3 Nc6 3. d4 cxd4 4. Nxd4 Nf6 5. Nc3 e5 6. Ndb5 d6 7. Bg5 a6 8. Na3 b5 9. Nd5 Be7 10. Bxf6 Bxf6 11. c3 O-O 12. Nc2 Rb8 13. a4 bxa4 14. Ncb4 Nxb4 15. cxb4 Bb7 16. Rxa4 Bc6 17. Rxa6 Bxd5 18. Qxd5 Rxb4 19. Bc4 Qc8 20. b3 Qg4 21. O-O h5 22. Rxd6 h4 23. h3 Qg6 24. Ra1 Rbb8 25. Ra7 Rbe8 26. Rdd7 Qg5 27. Rxf7 Qc1+ 28. Bf1 Kh7 29. Qd7 Rg8 30. Qf5+ Kh6 31. Rxf6+ gxf6 32. Rh7# 1-0


[Site "https://www.chess.com"]

[Event "Early Titled Tuesday Blitz | February 8 2022"]
[White "Narayanan.S.L"]
[Black "Piesik, Piotr"]
[WhiteFideId "5058422"]
[BlackFideId "1136194"]
[WhiteElo "2494"]
[BlackElo "2232"]
[Result "1-0"]
[Round "02"]
[TimeControl "180+1"]
[Date "2022.02.08"]
[WhiteClock "0:00:59"]
[BlackClock "0:00:20"]

1. Nf3 g6 2. h4 h5 3. e4 c6 4. Bc4 d5 5. Bb3 dxe4 6. Ng5 Nh6 7. Nc3 Bg4 8. f3 exf3 9. gxf3 Bf5 10. d3 Nd7 11. Be3 Bg7 12. Qd2 Qa5 13. O-O-O Nc5 14. Kb1 Nxb3 15. axb3 O-O-O 16. Qf2 Kb8 17. Rhe1 Rd7 18. Bc5 Bxc3 19. bxc3 Qxc3 20. Rxe7 Rxe7 21. Bxe7 Re8 22. Bc5 a6 23. Bd4 Qa5 24. Bg7 Ng8 25. Nxf7 Qd5 26. Ng5 Qd6 27. Re1 Rxe1+ 28. Qxe1 Nf6 29. Ne4 Bxe4 30. dxe4 Nd7 31. Qe3 c5 32. f4 Qe6 33. Bc3 c4 34. b4 b5 35. Qf3 Qe7 36. f5 gxf5 37. exf5 Nf6 38. Qc6 Ne4 39. Qb6+ Qb7 40. Qd8+ Qc8 41. Be5+ Kb7 42. Qd5+ Qc6 43. Qf7+ Ka8 44. Qf8+ 1-0


[Site "https://www.chess.com"]

[Event "Early Titled Tuesday Blitz | February 8 2022"]
[White "Navalgund, Niranjan"]
[Black "Araujo Filho, Luiz Antonio Coel"]
[WhiteFideId "5030854"]
[BlackFideId "2130661"]
[WhiteElo "2290"]
[BlackElo "2210"]
[Result "0-1"]
[Round "02"]
[TimeControl "180+1"]
[Date "2022.02.08"]
[WhiteClock "0:00:11"]
[BlackClock "0:00:06"]

1. e4 c6 2. Nc3 d5 3. Qf3 dxe4 4. Nxe4 Nf6 5. Bc4 e6 6. d3 Nbd7 7. Bf4 Nb6 8. Bb3 Be7 9. O-O-O O-O 10. g4 a5 11. a3 a4 12. Ba2 Nbd5 13. Bd2 b5 14. g5 Ne8 15. h4 b4 16. axb4 Nxb4 17. Bxb4 Bxb4 18. Ne2 a3 19. b3 Bb7 20. Rhg1 Be7 21. h5 c5 22. h6 g6 23. Kb1 Nd6 24. Qe3 Nf5 25. Qd2 Qd7 26. N2g3 Rfd8 27. Nxf5 exf5 28. Nf6+ Bxf6 29. gxf6 Qd4 30. c3 Qxf6 31. Qe3 Qxc3 32. Qc1 Qd4 33. Qc2 Ba6 34. Kc1 Bxd3 35. Rxd3 Qxd3 36. Qxd3 Rxd3 37. Kc2 Rad8 38. Bb1 Rd2+ 39. Kc3 a2 40. Kc4 axb1=Q 41. Rxb1 Rc2+ 42. Kb5 Rb8+ 43. Kc6 c4 44. Rd1 cxb3+ 45. Kd7 b2 46. Ke7 b1=Q 47. Rd8+ Rxd8 48. f4 Qe1+ 49. Kf6 Rc6+ 50. Kg5 Qg3# 0-1


[Site "https://www.chess.com"]

[Event "Early Titled Tuesday Blitz | February 8 2022"]
[White "Navara, David"]
[Black "Harshavardhan G B"]
[WhiteFideId "309095"]
[BlackFideId "25059009"]
[WhiteElo "2686"]
[BlackElo "1831"]
[Result "1-0"]
[Round "02"]
[TimeControl "180+1"]
[Date "2022.02.08"]
[WhiteClock "0:00:05"]
[BlackClock "0:00:18"]

1. d4 Nf6 2. c4 e6 3. Nc3 Bb4 4. e3 b6 5. Ne2 Bb7 6. a3 Bd6 7. f3 c5 8. d5 exd5 9. cxd5 O-O 10. Ng3 Re8 11. e4 Be5 12. Bc4 d6 13. O-O Nbd7 14. Be3 a6 15. a4 b5 16. axb5 Nb6 17. Be2 Bxc3 18. bxc3 Nbxd5 19. Bd2 Nc7 20. bxa6 Bxa6 21. c4 Ne6 22. Nf5 g6 23. Ba5 Qd7 24. Nxd6 Reb8 25. f4 Nd4 26. e5 Ne8 27. Bg4 f5 28. Bf3 Nxd6 29. Bxa8 Nxc4 30. Bf3 Ne3 31. Qc1 Nxf1 32. Qxc5 Nxf3+ 33. gxf3 Nd2 34. Kf2 Rc8 35. Qb6 Qc6 36. Qxc6 Rxc6 37. Bxd2 Rc2 38. Ke3 Bb7 39. Ra7 Rb2 40. Bc3 Rb5 41. Kd4 Kf7 42. Kc4 Rb1 43. Bb4 Rc1+ 44. Kb5 Rc7 45. Kb6 Rc4 46. Rxb7+ Ke6 47. Kb5 Rxf4 48. Bd6 Rxf3 49. Rxh7 Rf2 50. h4 Rh2 51. Rh6 Kd5 52. Rxg6 Rxh4 53. Bc7 Rh1 54. Rd6+ Ke4 55. e6 Kf3 56. Kc6 Re1 57. Kd7 f4 58. e7 Kg2 59. e8=Q Rxe8 60. Kxe8 f3 61. Rg6+ Kh1 62. Rf6 Kg2 63. Bb6 Kg3 64. Kf7 Kg4 65. Ke6 Kg5 66. Rxf3 Kg4 67. Rf2 Kg3 68. Ke5 Kh3 69. Kf4 Kh4 70. Rh2# 1-0


[Site "https://www.chess.com"]

[Event "Early Titled Tuesday Blitz | February 8 2022"]
[White "Nazari, Arad"]
[Black "Toncheva, Nadya"]
[WhiteFideId "12577324"]
[BlackFideId "2924056"]
[WhiteElo "2120"]
[BlackElo "1920"]
[Result "1-0"]
[Round "02"]
[TimeControl "180+1"]
[Date "2022.02.08"]
[WhiteClock "0:02:19"]
[BlackClock "0:01:35"]

1. e4 c5 2. Nf3 e6 3. d4 cxd4 4. Nxd4 Nc6 5. Nxc6 bxc6 6. Bd3 Nf6 7. Nd2 Qc7 8. O-O d5 9. Qe2 Be7 10. c4 O-O 11. b3 Nd7 12. exd5 Bf6 13. Ba3 Rd8 14. dxe6 Bxa1 15. exf7+ Kxf7 16. Qh5+ g6 17. Qxh7+ Bg7 18. Bxg6+ Ke6 19. Qxg7 1-0


[Site "https://www.chess.com"]

[Event "Early Titled Tuesday Blitz | February 8 2022"]
[White "Nilsen, Tobias Lang"]
[Black "Komiagina, Maria"]
[WhiteFideId "1521624"]
[BlackFideId "4153987"]
[WhiteElo "2013"]
[BlackElo "1945"]
[Result "1-0"]
[Round "02"]
[TimeControl "180+1"]
[Date "2022.02.08"]
[WhiteClock "0:00:16"]
[BlackClock "0:00:02"]

1. f4 d5 2. Nf3 e6 3. g3 c5 4. Bg2 Nc6 5. O-O Nf6 6. d3 Be7 7. Nc3 d4 8. Na4 O-O 9. c4 Qc7 10. e4 dxe3 11. Bxe3 b6 12. d4 Rd8 13. Ne5 Bb7 14. d5 exd5 15. cxd5 Nxe5 16. fxe5 Nxd5 17. Qf3 Nxe3 18. Qxb7 Qxb7 19. Bxb7 Rab8 20. Rf3 Nc2 21. Rc1 Nd4 22. Be4 Nxf3+ 23. Bxf3 Bg5 24. Re1 Rd4 25. Nc3 Re8 26. Re2 Rd2 27. Re4 Rxb2 28. Nd5 Rxa2 29. Be2 Rd2 30. Nc7 Red8 31. h4 Be7 32. e6 f5 33. Re3 Rc2 34. Kf2 c4 35. Kf3 Rdd2 36. Re5 g6 37. Nd5 Kf8 38. Ne3 Rc3 39. Kf2 a6 40. Nd5 Rcc2 41. Re3 Bc5 42. e7+ Bxe7 43. Nxe7 b5 44. Nd5 a5 45. Nf4 b4 46. Ne6+ Kf7 47. Ng5+ 1-0


[Site "https://www.chess.com"]

[Event "Early Titled Tuesday Blitz | February 8 2022"]
[White "Niyazgulova, Marina"]
[Black "Maze, Sebastien"]
[WhiteFideId "24142573"]
[BlackFideId "613762"]
[WhiteElo "2075"]
[BlackElo "2462"]
[Result "1/2-1/2"]
[Round "02"]
[TimeControl "180+1"]
[Date "2022.02.08"]
[WhiteClock "0:00:07"]
[BlackClock "0:01:21"]

1. d4 Nf6 2. c4 g6 3. Nc3 Bg7 4. e4 d6 5. Be2 Na6 6. Nf3 O-O 7. O-O e5 8. Be3 c6 9. h3 exd4 10. Nxd4 Re8 11. f3 d5 12. cxd5 cxd5 13. Bb5 Bd7 14. Bxa6 bxa6 15. Bg5 dxe4 16. Nxe4 Qb6 17. Nxf6+ Bxf6 18. Bxf6 Qxf6 19. Nb3 Rad8 20. Qd4 Qg5 21. Qc3 Bxh3 22. Rf2 Be6 23. Nd4 Qf6 24. Nxe6 Qxc3 25. bxc3 Rxe6 26. Rc2 Rc6 27. c4 Kf8 28. Rac1 Rc5 29. Kf2 Ke7 30. Ke3 Rd6 31. Rc3 Kd7 32. g4 h5 33. gxh5 Rxh5 34. c5 Re6+ 35. Kf2 Rh2+ 36. Kg3 Rh5 37. Rb3 Kc7 38. Rbc3 Ree5 39. c6 Re6 40. Ra3 Rxc6 41. Rxc6+ Kxc6 42. Rxa6+ Kb7 43. Rf6 Rh7 44. Kg4 a5 45. f4 a4 46. a3 Kc7 47. Ra6 Kd7 48. Rxa4 Rh1 49. Ra5 Ke6 50. Ra6+ Ke7 51. Ra7+ Kf6 52. Ra6+ Kg7 53. Ra7 Rb1 54. a4 Rb4 55. a5 Ra4 56. Ra6 f6 57. Ra7+ Kh6 58. Kg3 f5 59. Ra8 Ra3+ 60. Kg2 Kh5 61. Rh8+ Kg4 62. Rg8 Ra2+ 63. Kg1 Rxa5 64. Rxg6+ Kxf4 65. Rb6 Ra3 66. Kf2 Ra2+ 67. Kf1 Kg4 68. Rb3 f4 69. Rc3 Ra5 70. Rb3 Re5 71. Rc3 Re3 72. Rxe3 fxe3 73. Ke2 Kf4 74. Ke1 Kf3 75. Kf1 e2+ 76. Ke1 Ke3 1/2-1/2


[Site "https://www.chess.com"]

[Event "Early Titled Tuesday Blitz | February 8 2022"]
[White "Omariev, Maksim"]
[Black "Szpar, Milosz"]
[WhiteFideId "4193423"]
[BlackFideId "1184989"]
[WhiteElo "2515"]
[BlackElo "2447"]
[Result "0-1"]
[Round "02"]
[TimeControl "180+1"]
[Date "2022.02.08"]
[WhiteClock "0:00:02"]
[BlackClock "0:00:36"]

1. e4 c5 2. Nf3 d6 3. d4 cxd4 4. Nxd4 Nf6 5. Nc3 Nc6 6. Bg5 e6 7. Qd2 a6 8. f3 Be7 9. O-O-O Nxd4 10. Qxd4 O-O 11. h4 Qa5 12. Kb1 b5 13. Bd3 b4 14. Ne2 e5 15. Qe3 Be6 16. Nc1 Rfc8 17. g4 Qc5 18. Qe1 a5 19. h5 a4 20. Be3 Qc6 21. g5 b3 22. cxb3 axb3 23. gxf6 Bxf6 24. Nxb3 Qa4 25. a3 Qxb3 0-1


[Site "https://www.chess.com"]

[Event "Early Titled Tuesday Blitz | February 8 2022"]
[White "Onyshchuk, Volodymyr"]
[Black "Aradhya, Garg"]
[WhiteFideId "14114038"]
[BlackFideId "25006746"]
[WhiteElo "2642"]
[BlackElo "2169"]
[Result "1-0"]
[Round "02"]
[TimeControl "180+1"]
[Date "2022.02.08"]
[WhiteClock "0:00:19"]
[BlackClock "0:00:19"]

1. e4 e5 2. Nf3 Nc6 3. Bc4 Nf6 4. d3 Bc5 5. O-O O-O 6. c3 d6 7. b4 Bb6 8. h3 Ne7 9. Re1 Ng6 10. a4 c6 11. a5 Bc7 12. Bb3 d5 13. Nbd2 h6 14. Bc2 Nh5 15. Nf1 Nhf4 16. Ng3 Qf6 17. d4 exd4 18. cxd4 dxe4 19. Nxe4 Qd8 20. Nc5 Rb8 21. Bxf4 Nxf4 22. Qd2 Qd5 23. Re4 Bf5 24. Bb3 Qd6 25. Re5 Be6 26. Nxe6 fxe6 27. Rae1 Nxh3+ 28. Kf1 Nf4 29. Rxe6 Nxe6 30. Rxe6 Qd8 31. Re8+ Kh8 32. Rxd8 Rbxd8 33. Qd3 Rf6 34. Nh4 g5 35. Nf5 Rdf8 36. g4 Bf4 37. Qe4 h5 38. Qe7 1-0


[Site "https://www.chess.com"]

[Event "Early Titled Tuesday Blitz | February 8 2022"]
[White "Orozbaev, Eldiar"]
[Black "Yoo, Christopher Woojin"]
[WhiteFideId "13802240"]
[BlackFideId "30909694"]
[WhiteElo "2050"]
[BlackElo "2105"]
[Result "1-0"]
[Round "02"]
[TimeControl "180+1"]
[Date "2022.02.08"]
[WhiteClock "0:01:10"]
[BlackClock "0:00:01"]

1. e4 c5 2. c3 Nf6 3. e5 Nd5 4. d4 cxd4 5. cxd4 Nc6 6. Nf3 d6 7. Nc3 e6 8. Bd3 Be7 9. Qe2 Nxc3 10. bxc3 dxe5 11. Nxe5 Nxe5 12. dxe5 Bd7 13. O-O Bc6 14. c4 Qd4 15. Bb2 Qh4 16. Rfd1 O-O 17. g3 Qh3 18. Be4 Rab8 19. Bxc6 bxc6 20. Rd7 Bc5 21. Rad1 Qf5 22. Bd4 Bxd4 23. R1xd4 Qb1+ 24. Kg2 Rb2 25. Qf3 h6 26. Rxa7 Rxa2 27. Rxf7 Rxf7 28. Rd8+ Kh7 29. Qxf7 Qe4+ 30. Qf3 Qxe5 31. g4 Qg5 32. Qd3+ Qg6 33. Rh8+ Kxh8 34. Qxg6 1-0


[Site "https://www.chess.com"]

[Event "Early Titled Tuesday Blitz | February 8 2022"]
[White "Osmak, Yuliia"]
[Black "Bocharov, Dmitry"]
[WhiteFideId "14101602"]
[BlackFideId "4138716"]
[WhiteElo "2302"]
[BlackElo "2541"]
[Result "0-1"]
[Round "02"]
[TimeControl "180+1"]
[Date "2022.02.08"]
[WhiteClock "0:00:03"]
[BlackClock "0:00:36"]

1. e4 c5 2. c3 Nf6 3. e5 Nd5 4. Nf3 d6 5. exd6 e6 6. d4 cxd4 7. cxd4 Bxd6 8. Bc4 O-O 9. O-O Nc6 10. Nc3 Nxc3 11. bxc3 b6 12. Bd3 g6 13. Bh6 Re8 14. Re1 Bb7 15. h4 Rc8 16. Rc1 Ne7 17. h5 Nf5 18. Bg5 Qc7 19. hxg6 hxg6 20. Ne5 Kg7 21. Qg4 Rh8 22. f3 Rh5 23. Be4 Rch8 24. Kf2 Bxe5 25. dxe5 Qc5+ 26. Be3 Nxe3 27. Rxe3 Rxe5 28. Re1 Bxe4 29. fxe4 f5 30. Qg3 Rxe4 31. Ke2 Rxe3+ 32. Qxe3 Qxe3+ 33. Kxe3 Kf6 34. Kd4 Rc8 35. Re2 Rc5 36. c4 e5+ 37. Kc3 f4 38. Kb4 g5 39. Rd2 g4 40. Rd7 Ra5 0-1


[Site "https://www.chess.com"]

[Event "Early Titled Tuesday Blitz | February 8 2022"]
[White "Ovetchkin, Roman"]
[Black "Abdusattorov, Nodirbek"]
[WhiteFideId "4119991"]
[BlackFideId "14204118"]
[WhiteElo "2409"]
[BlackElo "2663"]
[Result "0-1"]
[Round "02"]
[TimeControl "180+1"]
[Date "2022.02.08"]
[WhiteClock "0:00:02"]
[BlackClock "0:00:05"]

1. d4 Nf6 2. c4 e6 3. g3 c5 4. d5 exd5 5. cxd5 d6 6. Nc3 g6 7. Bg2 Bg7 8. Nf3 O-O 9. O-O Re8 10. Re1 Ne4 11. Nxe4 Rxe4 12. Nd2 Re8 13. a4 Nd7 14. Ne4 Nf6 15. Bg5 Bf5 16. Nxf6+ Bxf6 17. Bxf6 Qxf6 18. e4 Bd7 19. Qb3 b6 20. h3 Re7 21. Rad1 Rae8 22. f4 h5 23. h4 Qg7 24. Kh2 f6 25. Rd2 Qf7 26. Rde2 Kh7 27. Qc4 Bg4 28. Re3 Bc8 29. b4 Bb7 30. bxc5 Bxd5 31. Qc3 Ba8 32. cxd6 Re6 33. e5 Bxg2 34. Kxg2 Qb7+ 35. Kh2 fxe5 36. Rxe5 Qd7 37. Qd4 Rxd6 0-1


[Site "https://www.chess.com"]

[Event "Early Titled Tuesday Blitz | February 8 2022"]
[White "Oye-Stromberg, Alexander"]
[Black "Papp, Petra"]
[WhiteFideId "1525999"]
[BlackFideId "739049"]
[WhiteElo "1934"]
[BlackElo "2259"]
[Result "0-1"]
[Round "02"]
[TimeControl "180+1"]
[Date "2022.02.08"]
[WhiteClock "0:00:09"]
[BlackClock "0:00:05"]

1. e4 d6 2. d4 Nf6 3. Nc3 e5 4. dxe5 dxe5 5. Qxd8+ Kxd8 6. Bg5 c6 7. O-O-O+ Kc7 8. f4 Bb4 9. fxe5 Bxc3 10. exf6 gxf6 11. Bh4 Be5 12. Nf3 Bg4 13. Nxe5 fxe5 14. Rd2 Nd7 15. Rf2 Be6 16. Bd3 Rhg8 17. Rhf1 Nc5 18. Bg3 Rg5 19. b3 Rag8 20. Re1 b5 21. Bf1 a5 22. Bh4 Rh5 23. Bg3 a4 24. Kb2 axb3 25. axb3 Ra8 26. Ra1 Rxa1 27. Kxa1 Nxe4 28. Re2 Nxg3 29. hxg3 Rh1 30. Re1 f6 31. Ka2 Kd6 32. Kb2 Ke7 33. Kc3 Bd5 34. Kd2 b4 35. Bd3 Rxe1 36. Kxe1 h6 37. Kf2 Kd6 38. Bf5 Kc5 39. Ke3 Bxg2 40. Bg6 Bd5 41. Bf5 Bf7 42. Kd3 Kd6 43. Ke3 c5 44. Bd3 Be6 45. Bg6 f5 46. Bh5 Kd5 47. Bf3+ Kd6 48. Be2 Bd5 49. Bf1 Be4 50. c3 bxc3 51. Bc4 c2 52. Kd2 f4 53. g4 f3 54. Bf1 f2 55. Kc1 Kd5 56. Kd2 Kd4 57. g5 hxg5 58. Be2 Bg2 59. Bf1 Bxf1 60. Kxc2 Bd3+ 61. Kd2 f1=Q 62. b4 Qe2+ 63. Kc1 Qc2# 0-1


[Site "https://www.chess.com"]

[Event "Early Titled Tuesday Blitz | February 8 2022"]
[White "Ozen, Deniz"]
[Black "Yang, Kaiqi"]
[WhiteFideId "6349196"]
[BlackFideId "8604398"]
[WhiteElo "2326"]
[BlackElo "2373"]
[Result "0-1"]
[Round "02"]
[TimeControl "180+1"]
[Date "2022.02.08"]
[WhiteClock "0:00:02"]
[BlackClock "0:00:04"]

1. d4 e6 2. e4 d5 3. exd5 exd5 4. Nf3 Nf6 5. Bd3 c5 6. O-O c4 7. Be2 Bd6 8. b3 cxb3 9. axb3 Nc6 10. c4 O-O 11. Nc3 Bg4 12. h3 Bh5 13. Bg5 dxc4 14. bxc4 h6 15. Bxf6 Qxf6 16. Ne4 Qe7 17. Nxd6 Qxd6 18. d5 Bxf3 19. Bxf3 Ne5 20. Be2 b6 21. Qd4 Rfe8 22. Rfc1 Nd7 23. Bg4 Nc5 24. Rab1 Re4 25. Qc3 Rae8 26. Re1 g6 27. Rxe4 Rxe4 28. Bf3 Re7 29. Re1 Rxe1+ 30. Qxe1 Kg7 31. Qa1+ Qf6 32. Qxa7 Nd3 33. Qa2 Qc3 34. Be2 Nc1 35. Qb1 Nxe2+ 36. Kh2 Qe5+ 37. g3 Qd4 38. Kg2 Nc3 39. Qb2 Kf8 40. d6 Ke8 41. c5 Qxc5 42. Kh2 Kd7 43. Qb3 Nd5 44. Qf3 Kxd6 45. Qxf7 Ne7 46. h4 b5 47. h5 gxh5 48. Qf6+ Kd7 49. Qxh6 b4 50. Kh1 b3 51. Qd2+ Qd5+ 52. Kg1 Qxd2 0-1


[Site "https://www.chess.com"]

[Event "Early Titled Tuesday Blitz | February 8 2022"]
[White "Ozkan, Taha"]
[Black "Rudzinska, Michalina"]
[WhiteFideId "34577173"]
[BlackFideId "1172883"]
[WhiteElo "2024"]
[BlackElo "1904"]
[Result "1-0"]
[Round "02"]
[TimeControl "180+1"]
[Date "2022.02.08"]
[WhiteClock "0:02:43"]
[BlackClock "0:02:22"]

1. d4 a5 2. c4 b6 3. Nc3 Bb7 4. e4 g6 5. f4 Bg7 6. Nf3 d6 7. Be3 Nd7 8. Bd3 e6 9. O-O Ne7 10. Qe2 O-O 11. Rae1 c5 12. d5 exd5 13. exd5 Re8 14. Qf2 f5 15. Ng5 Nf6 16. Ne6 Qd7 17. Nb5 Bh8 18. Nbc7 Ng4 19. Qf3 Rac8 20. Nxe8 Rxe8 21. Bc1 Qxe6 22. Rxe6 1-0


[Site "https://www.chess.com"]

[Event "Early Titled Tuesday Blitz | February 8 2022"]
[White "Papasimakopoulos, Alexandros"]
[Black "Eynullayev, Altay"]
[WhiteFideId "4244125"]
[BlackFideId "13413562"]
[WhiteElo "2340"]
[BlackElo "2079"]
[Result "1-0"]
[Round "02"]
[TimeControl "180+1"]
[Date "2022.02.08"]
[WhiteClock "0:00:08"]
[BlackClock "0:00:07"]

1. d4 Nf6 2. c4 e6 3. Nc3 Bb4 4. Qc2 O-O 5. a3 Bxc3+ 6. Qxc3 b6 7. Bg5 c5 8. dxc5 bxc5 9. Nf3 Bb7 10. e3 d6 11. Be2 Nbd7 12. Rd1 Qb6 13. Nd2 Rab8 14. O-O h6 15. Bh4 Ba8 16. Rb1 a5 17. b3 Rfe8 18. Rfd1 d5 19. cxd5 exd5 20. Bg3 Rbc8 21. Rbc1 d4 22. Qc2 dxe3 23. Nc4 exf2+ 24. Bxf2 Qc7 25. Nd6 Ne4 26. Nxe8 Rxe8 27. Bf3 Ndf6 28. Bxc5 Qf4 29. Rf1 Qh4 30. Bf2 Qf4 31. Rce1 Bd5 32. Bd4 Qh4 33. Bxf6 Nxf6 34. Rxe8+ Nxe8 35. Bxd5 Qd4+ 36. Qf2 Qxd5 37. b4 axb4 38. axb4 Nf6 39. Qc5 Qe4 40. b5 Kh7 41. b6 Qd3 42. Rc1 Ne4 43. Qc2 Qe3+ 44. Kf1 g6 45. Rd1 Qf4+ 46. Kg1 Qe3+ 47. Kf1 Qf4+ 48. Ke2 Qg4+ 49. Ke3 Nd6 50. Rxd6 Qg5+ 51. Ke2 Qe5+ 52. Kf2 Qxd6 53. Qb2 Qc5+ 54. Ke2 Qc4+ 55. Kd2 Qf4+ 56. Kd3 Qf5+ 57. Kc4 Qe6+ 58. Kc5 Qe5+ 59. Qxe5 1-0


[Site "https://www.chess.com"]